 Dungeon Crawl Stone Soup version 0.14.0-9-g9c5475a (webtiles) character file.

194 RogerD the Sneak (level 4, -3/29 HPs)
             Began as a Halfling Assassin on Apr 13, 2014.
             Killed by divine providence
             ... invoked by an orc priest
              (7 damage)
             ... on Level 3 of the Dungeon.
             The game lasted 00:31:02 (2428 turns).

RogerD the Sneak (Halfling Assassin)                Turns: 2428, Time: 00:31:02

HP  -3/29        AC  4     Str  8      XL: 4   Next: 84%
MP   4/4         EV 12     Int 11      God:
Gold 105         SH  0     Dex 18      Spells:  0 memorised,  3 levels left

rFire  . . .     SeeInvis .     x - +1 short sword (drain)
rCold  . . .     Clarity  .     v - +0 leather armour
rNeg   . . .     Conserve .     (no shield)
rPois  .         rCorr    .     (no helmet)
rElec  .         rRot     .     l - +0 cloak
SustAb . .       Spirit   .     (no gloves)
rMut   .         Warding  .     (no boots)
Saprov . . .     Stasis   .     (no amulet)
MR     .....                    (no ring)
                                (no ring)

@: not resistant to hostile enchantments, very stealthy
A: mutation resistance 1, slow metabolism 1
a: no special abilities


You were on level 3 of the Dungeon.
You were not hungry.

You visited 1 branch of the dungeon, and saw 3 of its levels.

You collected 105 gold pieces.

Inventory:

Hand weapons
 a - a +2,+2 dagger
 b - a +0 blowgun
 x - a +1,+1 short sword of draining (weapon)
Armour
 c - a +0 robe
 d - a +0 cloak
 l - a +0 cloak (worn)
 v - a +0 leather armour (worn)
Magical devices
 e - a wand of slowing (9)
Comestibles
 g - 5 bread rations
 n - a meat ration
Scrolls
 f - a scroll of amnesia {unknown}
 h - a scroll of fog {unknown}
 j - a scroll of noise {unknown}
 o - 3 scrolls of teleportation
 r - a scroll of enchant weapon I {unknown}
 t - 2 scrolls of enchant armour {unknown}
 w - a scroll of recharging {unknown}
 z - a scroll of identify {unknown}
Potions
 i - a potion of heal wounds {unknown}
 k - 2 potions of invisibility {unknown}
 m - a potion of agility {unknown}
 q - 3 potions of mutation {unknown}
 s - a potion of magic {unknown}
 u - a potion of brilliance {unknown}


   Skills:
 + Level 1.8 Fighting
 + Level 3.0 Short Blades
 + Level 4.0 Throwing
 + Level 0.2 Armour
 + Level 1.7 Dodging
 + Level 6.8 Stealth


You had 3 spell levels left.
You didn't know any spells.

Dungeon Overview and Level Annotations

Branches:
Dungeon (3/15)

Altars:
Sif Muna


Innate Abilities, Weirdness & Mutations

You are small and have problems with some larger weapons.
You are somewhat resistant to further mutation.
You have a slow metabolism.


Message History

The orc priest drinks a potion.
The orc priest is healed!
The orc priest looks more healthy.
Wield which item (- for none, * to show all)? (? for menu, Esc to quit)
You sense an unholy aura.
x - a +1,+1 short sword of draining (weapon)
The orc priest hits you with a trident.
You hit the orc priest.
The orc priest is moderately wounded.
The orc priest invokes the aid of Beogh against you.
Something smites you!
You hit the orc priest.
The orc priest is heavily wounded.
The orc priest hits you with a trident.
* * * LOW HITPOINT WARNING * * *
Unknown command.
The orc priest mumbles some strange prayers to Beogh against you.
You barely resist.
The orc priest mumbles some strange prayers to Beogh against you.
Something smites you!
You die...

#♣P.P.♣♣#######♣♣P..♣♣#
#♣♣...♣.♣## #♣♣PP.P♣#
#♣P.≈≈P.♣.# #.♣♣P..♣#
#♣.≈≈≈≈♣♣.# #.(♣♣♣..#
#♣♣.≈≈.♣♣.#####(.#♣♣.♣#
#♣♣P♣P.♣....##(o.##..##
#♣♣♣♣♣.....##..###.##
#............# #.#
############....@##.## #.#
.......#####.....##.####.#
.# #.....%...####.##...# .#
#..######### #.##.###
.#####♣♣♣♣♣♣♣♣♣♣# #%##...###
....).♣♣P.♣♣♣♣.♣###.##♣♣.♣♣#
.####............##.##♣P..♣#
.#....♣♣PPPP♣♣♣♣......♣♣.♣♣#
.#.###♣♣♣♣♣♣♣♣♣♣###.##♣♣..♣#


You could see an orc priest.

Vanquished Creatures
  An orc wizard (D:3)
  2 adders
  4 giant geckos
  2 orcs (D:3)
  2 ball pythons (D:1)
  2 bats (D:2)
  A giant cockroach (D:3)
  5 goblins (D:1)
  7 hobgoblins
  3 giant newts
  6 kobolds
  5 rats
  A plant (D:3)
41 creatures vanquished.

Notes
Turn   | Place    | Note
--------------------------------------------------------------
     0 | D:1      | RogerD, the Halfling Assassin, began the quest for the Orb.
     0 | D:1      | Reached XP level 1. HP: 14/14 MP: 1/1
   149 | D:1      | Reached XP level 2. HP: 19/19 MP: 2/2
   261 | D:1      | Reached skill level 6 in Stealth
   622 | D:1      | Reached XP level 3. HP: 24/24 MP: 3/3
   949 | D:2      | Found a deep blue altar of Sif Muna.
  1627 | D:3      | Reached XP level 4. HP: 20/29 MP: 4/4
  2428 | D:3      | Killed from afar by an orc priest

Action                   |  1- 3 |  4- 6 || total
-------------------------+-------+-------++-------
Melee: Dagger            |    53 |       ||    53
       Short sword       |     2 |    85 ||    87
 Fire: Blowgun           |    53 |    16 ||    69
Throw: Dart              |     1 |       ||     1
  Use: Scroll            |     1 |       ||     1
 Stab: Sleeping          |     3 |     1 ||     4
